 Dungeon Crawl Stone Soup version 0.22.0-5-gf09313c8f9 (webtiles) character file.

4750 Jorund the Magician (level 10, -1/79 HPs)
             Began as a Gnoll Skald on Aug 13, 2018.
             Was a Follower of Ashenzari.
             Slain by a hell rat (6 damage)
             ... on level 8 of the Dungeon.
             The game lasted 00:21:19 (8718 turns).

Jorund the Magician (Gnoll Skald)                   Turns: 8718, Time: 00:21:20

Health: -1/79      AC:  8    Str: 13    XL:     10   Next: 46%
Magic:  20/20      EV: 14    Int: 19    God:    Ashenzari [*.....]
Gold:   185        SH:  0    Dex: 15    Spells: 18/23 levels left

rFire    . . .     SeeInvis .   e - +3 hand axe (flame) (curse)
rCold    . . .     Gourm    .   (no shield)
rNeg     . . .     Faith    .   g - +0 ring mail
rPois    +         Spirit   .   (no helmet)
rElec    .         Reflect  .   a - +1 cloak (curse)
rCorr    .         Harm     .   (no gloves)
MR       +....                  (no boots)
Stlth    ++........             (no amulet)
HPRegen  0.23/turn              k - ring of protection from magic (curse)
MPRegen  0.17/turn              s - ring of poison resistance (curse)

@: drained
A: distributed training, fangs 1, strong nose
a: Curse Item, Scrying, Renounce Religion


You were on level 8 of the Dungeon.
You worshipped Ashenzari.
Ashenzari was aware of your devotion.
You were not hungry.

You visited 2 branches of the dungeon, and saw 11 of its levels.
You also visited: Ossuary.

You collected 317 gold pieces.
You spent 132 gold pieces at shops.

Inventory:

Hand Weapons
 e - a cursed +3 hand axe of flaming (weapon)
 v - a +0 shortbow
 A - a +0 war axe
 D - the cursed +3 lajatang "Trog's Righteous Anger" {elec, Stlth+}
   (You acquired it on level 7 of the Dungeon)

   Occasionally, upon striking a foe, it will discharge some electrical energy
   and cause terrible harm.
   It makes you more stealthy.
   It has a curse placed upon it.
Missiles
 h - 122 arrows
 n - 75 bolts
 u - 30 poisoned needles
Armour
 a - a cursed +1 cloak (worn)
 g - a +0 ring mail (worn)
 G - a +0 plate armour
Magical Staves
 M - an uncursed staff of air
Jewellery
 j - an uncursed ring of fire
 k - a cursed ring of protection from magic (left hand)
 s - a cursed ring of poison resistance (right hand)
 x - an uncursed ring of flight
 E - an uncursed ring of fire
 K - an uncursed amulet of harm
 O - an uncursed ring of protection from fire
Wands
 b - a wand of clouds (4)
 L - a wand of flame (35)
Scrolls
 c - 5 scrolls of teleportation
 m - 2 scrolls of remove curse
 o - 3 scrolls of fog
 p - 2 scrolls of magic mapping
 r - 4 scrolls of enchant weapon
 y - 3 scrolls of identify
 F - 2 scrolls of fear {unknown}
 H - a scroll of blinking
Potions
 i - a potion of brilliance
 l - 4 potions of haste
 q - 3 potions of flight
 t - 5 potions of curing
 w - 2 potions of mutation
 z - a potion of resistance {unknown}
 B - 2 potions of magic {unknown}
 C - 3 potions of cancellation {unknown}
 I - a potion of agility
 N - a potion of ambrosia {unknown}
Comestibles
 d - 14 rations


   Skills:
 + Level 7.0(6.7) Fighting
 + Level 5.2(4.9) Short Blades
 + Level 5.2(4.9) Long Blades
 + Level 7.0(6.7) Axes
 + Level 5.2(4.9) Maces & Flails
 + Level 5.2(4.9) Polearms
 + Level 5.2(4.9) Staves
 + Level 5.2(4.9) Slings
 + Level 5.2(4.9) Bows
 + Level 5.2(4.9) Crossbows
 + Level 5.2(4.9) Throwing
 + Level 5.9(5.6) Armour
 + Level 7.0(6.7) Dodging
 + Level 5.2(4.9) Stealth
 + Level 5.2(4.9) Shields
 + Level 5.2(4.9) Unarmed Combat
 + Level 7.3(7.0) Spellcasting
 + Level 4.3(4.0) Conjurations
 + Level 4.3(4.0) Hexes
 + Level 7.0(6.8) Charms
 + Level 4.3(4.0) Summonings
 + Level 4.3(4.0) Necromancy
 + Level 4.3(4.0) Translocations
 + Level 4.3(4.0) Transmutations
 + Level 4.3(4.0) Fire Magic
 + Level 4.3(4.0) Ice Magic
 + Level 4.3(4.0) Air Magic
 + Level 4.3(4.0) Earth Magic
 + Level 4.3(4.0) Poison Magic
 + Level 5.7(5.4) Invocations
 + Level 5.2(4.9) Evocations


You had 18 spell levels left.
You knew the following spells:

 Your Spells              Type           Power        Failure   Level  Hunger
a - Infusion              Chrm           ####         1%          1    None
b - Song of Slaying       Chrm           ####....     1%          2    None
c - Shroud of Golubria    Chrm/Tloc      ####......   3%          2    None

Your spell library contained the following spells:

 Spells                   Type           Power        Failure   Level  Hunger
 Regeneration             Chrm/Necr      ####......   6%          3    #......
 Spectral Weapon          Hex/Chrm       ####....     6%          3    #......


Dungeon Overview and Level Annotations

Branches:
Dungeon (10/15)            Temple (1/1) D:5
   Lair: D:8-11         Orc: D:9-12

Altars:
Ashenzari
Cheibriados
Dithmenos
Elyvilon
Fedhas
Gozag
Hepliaklqana
Kikubaaqudgha
Makhleb
Nemelex Xobeh
Okawaru
Qazlal
Trog
Uskayaw
Vehumet
Wu Jian
Xom
Yredelemnul
Zin
The Shining One

Shops:
D:6 !


Innate Abilities, Weirdness & Mutations

Your experience applies equally to all skills.
You have very sharp teeth.
Your uncanny sense of smell can sniff out nearby items.


Message History

You closely miss the porcupine.
The porcupine is almost dead.
You hit the hell rat. You burn the hell rat. The hell rat barely misses you.
The porcupine bites you.
* * * LOW HITPOINT WARNING * * *
The hell rat bites you.
* * * LOW HITPOINT WARNING * * *
You feel drained.
Unknown command.
You feel better. The porcupine bites you.
* * * LOW HITPOINT WARNING * * *
The hell rat bites you!
* * * LOW HITPOINT WARNING * * *
Unknown command.
You are struck by the porcupine's spines.
* * * LOW HITPOINT WARNING * * *
You slash the porcupine! You burn the porcupine.
You kill the porcupine!
You hit the hell rat. You burn the hell rat. The hell rat bites you.
You die...

###..#...# #..... #
.....#######.....##.#
.#.#### #[.)....#.#.
..o.o<# ........#..
.#.#.## #.#.#...#.# ###
.#.#^# #.# ......####.####
o#.#.. #.# #..........<#
.######
#.#####$..#.##.####
.########.....#.@##.##.#
...o.............r>.##.##
#####.#.####.##...........
##.#....# ##....#########.
.#.#..#.###......#
.#........#..)..)#######
........###..%).........
#.......# #..)###;..≈###
........#....#...#≈≈#...


You could see a hell rat.

Vanquished Creatures
  A deep elf mage (D:8)
  A gargoyle (D:9)
  Grinder (D:5)
  Eustachio (D:6)
  A hungry ghost (D:8)
  Menkaure (D:7)
  A porcupine (D:8)
  Duvessa (D:6)
  An orc warrior (D:7)
  3 phantoms
  4 sky beasts
  5 ogres
  3 centaurs
  A big kobold (D:10)
  A wyvern zombie (D:10)
  Dowan (D:6)
  4 scorpions (Ossuary)
  A water moccasin skeleton (D:4)
  4 killer bees
  3 wights (D:8)
  A howler monkey (D:5)
  5 crimson imps
  A hound (D:8)
  A bullfrog zombie (D:8)
  2 centaur zombies (Ossuary)
  5 orc wizards
  2 human zombies (Ossuary)
  An orc priest (D:5)
  A bullfrog skeleton (D:7)
  A centaur skeleton (D:10)
  4 iguanas
  3 worker ants
  A hound skeleton (D:6)
  3 mummies (Ossuary)
  A howler monkey zombie (D:6)
  12 adders
  7 gnolls
  A howler monkey skeleton (D:6)
  A river rat (D:8)
  5 scorpion zombies (Ossuary)
  A shadow imp (D:7)
  2 adder skeletons
  An adder zombie (D:7)
  3 worms
  A dart slug (D:3)
  2 leopard geckos
  16 orcs
  2 bat zombies (D:8)
  10 giant cockroaches
  12 goblins
  5 hobgoblins
  11 jackals
  6 kobolds
  7 bats
  4 frilled lizards
  A gnoll zombie (Ossuary)
  A goblin zombie (Ossuary)
  A hobgoblin zombie (Ossuary)
  A jackal skeleton (D:5)
  A jackal zombie (D:5)
  A kobold zombie (Ossuary)
  A leopard gecko skeleton (D:5)
  A leopard gecko zombie (D:5)
  An orc zombie (Ossuary)
  A quokka zombie (D:7)
  9 rats
199 creatures vanquished.

Notes
Turn   | Place    | Note
-------+----------+-------------------------------------------
     0 | D:1      | Jorund the Gnoll Skald began the quest for the Orb.
     0 | D:1      | Reached XP level 1. HP: 20/20 MP: 6/6
    79 | D:1      | You fall through a shaft!
   134 | D:2      | Reached XP level 2. HP: 26/26 MP: 4/7
   262 | D:1      | Reached XP level 3. HP: 31/31 MP: 9/9
   390 | D:1      | Reached skill level 5 in Spellcasting
   641 | D:1      | Reached skill level 1 in Invocations
  1046 | D:2      | Reached skill level 1 in Short Blades
  1046 | D:2      | Reached skill level 1 in Long Blades
  1046 | D:2      | Reached skill level 1 in Maces & Flails
  1046 | D:2      | Reached skill level 1 in Polearms
  1046 | D:2      | Reached skill level 1 in Staves
  1046 | D:2      | Reached skill level 1 in Slings
  1046 | D:2      | Reached skill level 1 in Bows
  1046 | D:2      | Reached skill level 1 in Crossbows
  1046 | D:2      | Reached skill level 1 in Throwing
  1046 | D:2      | Reached skill level 1 in Stealth
  1046 | D:2      | Reached skill level 1 in Shields
  1046 | D:2      | Reached skill level 1 in Unarmed Combat
  1046 | D:2      | Reached skill level 1 in Evocations
  1046 | D:2      | Reached XP level 4. HP: 32/38 MP: 11/11
  1111 | D:2      | Found a glowing golden altar of the Shining One.
  1275 | D:2      | Found a burning altar of Makhleb.
  1524 | D:3      | Reached skill level 1 in Conjurations
  1524 | D:3      | Reached skill level 1 in Hexes
  1524 | D:3      | Reached skill level 1 in Summonings
  1524 | D:3      | Reached skill level 1 in Necromancy
  1524 | D:3      | Reached skill level 1 in Translocations
  1524 | D:3      | Reached skill level 1 in Transmutations
  1524 | D:3      | Reached skill level 1 in Fire Magic
  1524 | D:3      | Reached skill level 1 in Ice Magic
  1524 | D:3      | Reached skill level 1 in Air Magic
  1524 | D:3      | Reached skill level 1 in Earth Magic
  1524 | D:3      | Reached skill level 1 in Poison Magic
  1526 | D:3      | Reached XP level 5. HP: 15/43 MP: 5/12
  2568 | D:4      | Noticed an ogre
  2575 | D:4      | Killed an ogre
  2575 | D:4      | Reached XP level 6. HP: 50/50 MP: 14/14
  2615 | D:4      | Reached skill level 5 in Fighting
  2615 | D:4      | Reached skill level 5 in Axes
  2615 | D:4      | Reached skill level 5 in Dodging
  2619 | D:4      | Learned a level 2 spell: Song of Slaying
  2622 | D:4      | Learned a level 2 spell: Shroud of Golubria
  3151 | D:5      | Entered Level 5 of the Dungeon
  3232 | D:5      | Noticed a sky beast
  3264 | D:5      | Killed a sky beast
  3264 | D:5      | Reached XP level 7. HP: 41/56 MP: 10/15
  3548 | D:5      | Noticed Grinder
  3559 | D:5      | Found a staircase to the Ecumenical Temple.
  3563 | D:5      | Killed Grinder
  3589 | Temple   | Entered the Ecumenical Temple
  3790 | Temple   | Became a worshipper of Ashenzari the Shackled
  3880 | D:5      | Reached XP level 8. HP: 56/63 MP: 16/16
  4093 | D:5      | Found a hide-covered altar of Uskayaw.
  4668 | D:6      | Noticed Duvessa
  4678 | D:6      | Killed Duvessa
  4683 | D:6      | Noticed Dowan
  4699 | D:6      | Killed Dowan
  4935 | D:6      | Found Xeirocupu's Distillery.
  4940 | D:6      | Bought a potion of mutation for 88 gold pieces
  4940 | D:6      | Bought a potion of degeneration for 11 gold pieces
  4940 | D:6      | Bought a potion of curing for 33 gold pieces
  5135 | D:6      | Noticed Eustachio
  5158 | D:6      | Killed Eustachio
  5206 | D:6      | Reached XP level 9. HP: 21/69 MP: 18/18
  5800 | D:7      | Noticed Menkaure
  5810 | D:7      | Found a sand-covered staircase.
  5815 | Ossuary  | Entered an ossuary
  6349 | D:7      | Identified a scroll of acquirement
  6349 | D:7      | Identified the cursed +3 lajatang "Trog's Righteous Anger" {elec, Stlth+} (You acquired it on level 7 of the Dungeon)
  6428 | D:7      | Reached skill level 5 in Armour
  6463 | D:7      | Reached * piety under Ashenzari
  6907 | D:7      | Killed Menkaure
  7206 | D:7      | You fall through a shaft for 3 floors!
  7206 | D:10     | Entered Level 10 of the Dungeon
  7446 | D:10     | Reached skill level 5 in Invocations
  7682 | D:9      | Noticed a gargoyle
  7695 | D:9      | Killed a gargoyle
  7695 | D:9      | Reached XP level 10. HP: 77/77 MP: 20/20
  7800 | D:8      | Found an ancient bone altar of Kikubaaqudgha.
  8135 | D:8      | Found a white marble altar of Elyvilon.
  8135 | D:8      | Noticed a deep elf mage
  8144 | D:8      | Killed a deep elf mage
  8144 | D:8      | Reached skill level 5 in Short Blades
  8144 | D:8      | Reached skill level 5 in Long Blades
  8144 | D:8      | Reached skill level 5 in Maces & Flails
  8144 | D:8      | Reached skill level 5 in Polearms
  8144 | D:8      | Reached skill level 5 in Staves
  8144 | D:8      | Reached skill level 5 in Slings
  8144 | D:8      | Reached skill level 5 in Bows
  8144 | D:8      | Reached skill level 5 in Crossbows
  8144 | D:8      | Reached skill level 5 in Throwing
  8144 | D:8      | Reached skill level 5 in Stealth
  8144 | D:8      | Reached skill level 5 in Shields
  8144 | D:8      | Reached skill level 5 in Unarmed Combat
  8144 | D:8      | Reached skill level 5 in Evocations
  8414 | D:8      | Found an ornate altar of the Wu Jian Council.
  8718 | D:8      | Slain by a hell rat

Skill      XL: |  1  2  3  4  5  6  7  8  9 10 |
---------------+-------------------------------+-----
Spellcasting   | 5 6 7 |  7.3
Invocations    | 1 2 3 4 5 |  5.7
Short Blades   | 1 2 3 4 5 |  5.2
Long Blades    | 1 2 3 4 5 |  5.2
Maces & Flails | 1 2 3 4 5 |  5.2
Polearms       | 1 2 3 4 5 |  5.2
Staves         | 1 2 3 4 5 |  5.2
Slings         | 1 2 3 4 5 |  5.2
Bows           | 1 2 3 4 5 |  5.2
Crossbows      | 1 2 3 4 5 |  5.2
Throwing       | 1 2 3 4 5 |  5.2
Stealth        | 1 2 3 4 5 |  5.2
Shields        | 1 2 3 4 5 |  5.2
Unarmed Combat | 1 2 3 4 5 |  5.2
Evocations     | 1 2 3 4 5 |  5.2
Conjurations   | 1 2 3 4 |  4.3
Hexes          | 1 2 3 4 |  4.3
Summonings     | 1 2 3 4 |  4.3
Necromancy     | 1 2 3 4 |  4.3
Translocations | 1 2 3 4 |  4.3
Transmutations | 1 2 3 4 |  4.3
Fire Magic     | 1 2 3 4 |  4.3
Ice Magic      | 1 2 3 4 |  4.3
Air Magic      | 1 2 3 4 |  4.3
Earth Magic    | 1 2 3 4 |  4.3
Poison Magic   | 1 2 3 4 |  4.3
Armour         | 3 4 5 |  5.9
Fighting       | 5 6 7 |  7.0
Axes           | 5 6 7 |  7.0
Dodging        | 5 6 7 |  7.0
Charms         | 6 7 |  7.0

Action                   |  1- 3 |  4- 6 |  7- 9 | 10-12 || total
-------------------------+-------+-------+-------+-------++-------
Melee: Hand axe          |    99 |   128 |   434 |    92 ||   753
       Bite              |     8 |    15 |    55 |     7 ||    85
       Punch             |       |     2 |    10 |     6 ||    18
 Cast: Infusion          |     1 |     4 |     4 |     2 ||    11
       Shroud of Golubri |       |     1 |     1 |       ||     2
       Song of Slaying   |       |       |     1 |     1 ||     2
Invok: Curse Item        |       |       |     3 |     1 ||     4
Evoke: Wand              |       |     1 |     2 |       ||     3
  Use: Scroll            |       |     8 |     6 |       ||    14
       Potion            |       |     1 |     2 |     6 ||     9
 Stab: Sleeping          |     1 |     3 |     4 |     1 ||     9
       Distracted        |       |       |     1 |       ||     1
  Eat: Chunk             |     1 |     6 |    10 |     5 ||    22
       Ration            |       |       |     2 |     1 ||     3
Armor: Leather armour    |     3 |       |       |       ||     3
       Ring mail         |    27 |    29 |   120 |    46 ||   222
Dodge: Dodged            |    57 |    83 |   238 |    86 ||   464
